 Dungeon Crawl Stone Soup version 0.28.0-1-gb440e238dd (webtiles) character file.

Game seed: 2472981662801242522

2268 hikkokomori the Digger (level 9, -1/52 HPs)
             Began as a Gargoyle Earth Elementalist on Feb 20, 2022.
             Was a Follower of Vehumet.
             Slain by Harold (2 damage)
             ... on level 7 of the Dungeon.
             The game lasted 00:23:24 (8532 turns).

hikkokomori the Digger (GrEE)                       Turns: 8532, Time: 00:23:25

Health: -1/52      AC: 18    Str: 11    XL:     9   Next: 38%
Magic:  3/16       EV: 11    Int: 21    God:    Vehumet [*.....]
Gold:   356        SH:  0    Dex: 10    Spells: 7/18 levels left

rFire   . . .      SeeInvis +   x - +7 arbalest
rCold   . . .      Faith    .   (shield currently unavailable)
rNeg    + . .      Spirit   .   b - +0 robe
rPois   ∞          Reflect  .   (no helmet)
rElec   +          Harm     .   o - +1 cloak
rCorr   .          Rampage  .   (no gloves)
Will    +....                   r - +0 pair of boots
Stlth   +++.......              i - amulet of magic regeneration
HPRegen 0.17/turn               e - ring of see invisible
MPRegen 0.55/turn               m - ring of willpower

@: ice-armoured, very slightly contaminated
A: sickness immunity, AC +6, negative energy resistance 1, electricity
resistance, torment resistance 1, petrification resistance
a: Renounce Religion


You were on level 7 of the Dungeon.
You worshipped Vehumet.
Vehumet was aware of your devotion.
You visited 2 branches of the dungeon, and saw 8 of its levels.

You collected 378 gold pieces.
You spent 22 gold pieces at shops.

Inventory:

Hand Weapons
 n - a +2 quarterstaff of chaos
 x - a +7 arbalest (weapon)
 E - a +1 falchion of electrocution
Missiles
 y - 67 stones
 G - 26 bolts (quivered ammo)
Armour
 b - a +0 robe (worn)
 o - a +1 cloak (worn)
 r - a +0 pair of boots (worn)
Magical Staves
 c - a staff of fire
Jewellery
 e - a ring of see invisible (left hand)
 i - an amulet of magic regeneration (around neck)
 m - a ring of willpower (right hand)
 p - a ring of fire
 v - a ring of ice
 z - a +4 ring of protection
Wands
 w - a wand of paralysis (13)
 B - a wand of digging (6)
 F - a wand of mindburst (15)
Scrolls
 a - a scroll of enchant armour
 d - 2 scrolls of enchant weapon
 k - 3 scrolls of holy word
 t - a scroll of immolation
 u - 2 scrolls of fog
 C - 2 scrolls of identify
Potions
 f - 4 potions of might
 h - a potion of invisibility {unknown}
 j - a potion of lignification
 l - a potion of mutation
 q - 2 potions of flight
 s - 3 potions of curing
 D - a potion of brilliance {unknown}


   Skills:
 + Level 4.5 Fighting
 + Level 1.0 Crossbows
 - Level 1.5 Dodging
 - Level 5.0 Stealth
 - Level 5.0 Spellcasting
 - Level 6.3 Conjurations
 + Level 1.3 Necromancy
 - Level 0.7 Transmutations
 + Level 4.1 Ice Magic
 + Level 7.4 Earth Magic


You had 7 spell levels left.
You knew the following spells:

 Your Spells              Type           Power      Damage    Failure   Level
a - Sandblast             Erth           72%        2d16      1%          1
b - Stone Arrow           Conj/Erth      68%        3d11      1%          3
c - Passwall              Tmut/Erth      18%        N/A       3%          2
d - Ozocubu's Armour      Ice            22%        N/A       6%          3
e - Corpse Rot            Necr/Air       16%        N/A       13%         2

Your spell library contained the following spells:

 Spells                   Type           Power      Damage    Failure   Level
 Foxfire                  Conj/Fire      72%        2x1d7     3%          1
 Static Discharge         Conj/Air       18%        N/A       4%          2
 Animate Skeleton         Necr           20%        N/A       6%          1
 Apportation              Tloc           10%        N/A       11%         1
 Summon Small Mammal      Summ           20%        N/A       11%         1
 Poisonous Vapours        Pois/Air       10%        N/A       16%         2
 Petrify                  Tmut/Erth      22%        N/A       21%         4
 Ice Form                 Ice/Tmut       15%        N/A       36%         4
 Summon Ice Beast         Ice/Summ       13%        N/A       43%         4
 Lightning Bolt           Conj/Air       9%         1d21      63%         5
 Metabolic Englaciation   Hex/Ice        6%         N/A       78%         5
 Maxwell's Capacitive Co  Air            2%         ∞         100%        8
 Statue Form              Tmut/Erth      Unusable   N/A       N/A         6

Dungeon Overview and Level Annotations

Branches:
Dungeon (7/15)             Temple (1/1) D:6

Altars:
Ashenzari
Cheibriados
Dithmenos
Elyvilon
Fedhas
Gozag
Makhleb
Nemelex Xobeh
Okawaru
Qazlal
Ru
Sif Muna
Trog
Vehumet
Wu Jian
Zin
The Shining One

Shops:
D:5 *

Annotations:
D:4 2 runed translucent doors
D:6 Grinder
D:7 3 runed translucent doors, Harold


Innate Abilities, Weirdness & Mutations

You are immune to sickness and miasma.
Your stone body is resilient. (AC +6)
You are immune to poison.
You resist negative energy. (rN+)
You are resistant to electric shocks. (rElec)
You are resistant to unholy torment.
You are immune to petrification.


Message History

Casting: Stone Arrow (safe; 1% risk of failure)
Confirm with . or Enter, or press ? or * to list all spells.
Aiming: Stone Arrow (safe; 1% risk of failure)
Press: ? - help, Shift-Dir - straight line, f/p - Harold
Aim: Harold, wielding a +0 long sword, wearing a +2 scale mail of poison resistance and quivering 3 throwing nets (moderately wounded, 84% to hit)
The stone arrow hits Harold!!
Harold is severely wounded.
The gnoll hits you from afar with a +0 halberd!
* * * LOW HITPOINT WARNING * * *
Harold hits you but does no damage.
You feel much better. The gnoll barely misses you.
Harold hits you but does no damage.
Casting: Stone Arrow (safe; 1% risk of failure)
Confirm with . or Enter, or press ? or * to list all spells.
Aiming: Stone Arrow (safe; 1% risk of failure)
Press: ? - help, Shift-Dir - straight line, f/p - Harold
Aim: Harold, wielding a +0 long sword, wearing a +2 scale mail of poison resistance and quivering 3 throwing nets (heavily wounded, 84% to hit)
The stone arrow hits Harold!
Harold is severely wounded.
The gnoll barely misses you. Harold hits you with a +0 long sword!
* * * LOW HITPOINT WARNING * * *
Casting: Stone Arrow (safe; 1% risk of failure)
Confirm with . or Enter, or press ? or * to list all spells.
Aiming: Stone Arrow (safe; 1% risk of failure)
Press: ? - help, Shift-Dir - straight line, f/p - Harold
Aim: Harold, wielding a +0 long sword, wearing a +2 scale mail of poison resistance and quivering 3 throwing nets (severely wounded, 84% to hit)
The stone arrow hits Harold!
Harold is almost dead.
The gnoll hits you but does no damage. Harold hits you with a +0 long sword!
* * * LOW HITPOINT WARNING * * *
Fire: 27 bolts
Press: ? - help, Q - select action, (/) - cycle Shift-Dir - straight line, f/p - Harold
Aim: Harold, wielding a +0 long sword, wearing a +2 scale mail of poison resistance and quivering 3 throwing nets (almost dead, 76% to hit)
You shoot a bolt. The bolt hits Harold.
Harold is almost dead.
The gnoll hits you from afar with a +0 halberd!
* * * LOW HITPOINT WARNING * * *
The gnoll shaman calls upon its god to speed up the gnoll.
The gnoll seems to speed up.
Harold hits you with a +0 long sword.
You die...

#..##....#..#..##......#..g ...
#.# ###.........#......#gg. ...
..# #............#....g.. #.. .##
#..#.........#.....(. ..#
#..##................ ..#
#..#####.......(..... .... #.##
#..# #..##g........ .... #..##
#..# ####.###gg...#.. .....
##..###..# #(...@@gg.......#...#.
#..##...##.##.###.......#.#.....
##..#...# #..##.......##.##....
##.......####............#..#....
#...##.........##.....###........
..### #..............## #....[..
.## #..)....#......######......
## #.......#.####............. ##
#..###...# #.........)...


You could see Harold, a gnoll shaman and 3 gnolls.

Vanquished Creatures
  Eustachio (D:3)
  Duvessa (D:6)
  A water moccasin (D:7)
  An ice beast (D:6)
  An orc warrior (D:7)
  3 ogres
  2 necrophages
  A centaur (D:7)
  2 phantoms (D:6)
  A kobold brigand (D:4)
  A bullfrog (D:4)
  2 scorpions
  Dowan (D:6)
  A wight (D:4)
  3 howler monkeys
  A centaur zombie (D:7)
  A hound (D:4)
  A jelly (D:4)
  A bullfrog skeleton (D:6)
  4 orc priests
  An iron imp (D:6)
  Crazy Yiuf (D:2)
  An iguana (D:7)
  2 orc wizards (D:7)
  A gnoll (D:7)
  7 adders
  A shadow imp (D:6)
  2 white imps
  3 ufetubi
  5 worms
  2 dart slugs (D:1)
  24 orcs
  8 bats
  11 endoplasms
  7 giant cockroaches
  4 goblins
  6 hobgoblins
  4 jackals (D:2)
  6 quokkas
  8 ball pythons
  4 frilled lizards
  6 kobolds
  7 rats
151 creatures vanquished.

Notes
Turn   | Place    | Note
-------+----------+-------------------------------------------
     0 | D:1      | hikkokomori the Gargoyle Earth Elementalist began the quest
                  | for the Orb.
     0 | D:1      | Reached XP level 1. HP: 10/10 MP: 3/3
   172 | D:1      | Reached skill level 4 in Earth Magic
   172 | D:1      | Reached XP level 2. HP: 13/15 MP: 5/5
   499 | D:1      | Found a faded altar of an unknown god.
   670 | D:1      | Reached XP level 3. HP: 19/19 MP: 4/6
  1361 | D:2      | Learned a level 3 spell: Stone Arrow
  1542 | D:2      | Found a runed translucent door.
  1543 | D:2      | Noticed Crazy Yiuf
  1854 | D:2      | Reached XP level 4. HP: 24/24 MP: 8/8
  1944 | D:2      | You fall into a shaft and drop 1 floor!
  1972 | D:3      | Reached skill level 1 in Conjurations
  1972 | D:3      | Reached skill level 5 in Earth Magic
  2538 | D:2      | Killed Crazy Yiuf
  2539 | D:2      | Reached XP level 5. HP: 28/28 MP: 6/10
  2615 | D:3      | Found a sacrificial altar of Ru.
  3481 | D:4      | Learned a level 2 spell: Passwall
  3511 | D:4      | Found a large runed translucent door.
  3514 | D:4      | Found a large runed translucent door.
  3514 | D:4      | Found a large runed translucent door.
  3518 | D:4      | Found a large runed translucent door.
  3556 | D:4      | Noticed Eustachio
  3826 | D:3      | Killed Eustachio
  3827 | D:3      | Reached XP level 6. HP: 9/32 MP: 1/12
  4064 | D:4      | Reached skill level 6 in Earth Magic
  4140 | D:4      | Noticed a necrophage
  4145 | D:4      | Killed a necrophage
  4146 | D:4      | Reached XP level 7. HP: 36/36 MP: 8/13
  4548 | D:4      | Got the Incunabulum of Cold
  4754 | D:4      | Found a stormy altar of Qazlal.
  4872 | D:4      | Reached skill level 7 in Earth Magic
  5117 | D:5      | Entered Level 5 of the Dungeon
  5140 | D:5      | Reached skill level 5 in Spellcasting
  5145 | D:5      | Learned a level 3 spell: Ozocubu's Armour
  5151 | D:5      | Reached XP level 8. HP: 42/42 MP: 9/15
  5365 | D:5      | Found Fyezuokk's General Store.
  5371 | D:5      | Bought 16 stones for 22 gold pieces
  5489 | D:5      | Found a glowing golden altar of the Shining One.
  5769 | D:5      | Reached skill level 1 in Fighting
  6002 | D:5      | Reached skill level 1 in Ice Magic
  6103 | D:5      | Reached skill level 5 in Conjurations
  6748 | D:6      | Found a staircase to the Ecumenical Temple.
  6761 | Temple   | Entered the Ecumenical Temple
  6772 | Temple   | Became a worshipper of Vehumet
  6933 | D:6      | Noticed Duvessa
  7006 | D:6      | Noticed Dowan
  7006 | D:6      | Noticed Grinder
  7013 | D:6      | Killed Duvessa
  7250 | D:6      | Killed Dowan
  7282 | D:6      | Reached XP level 9. HP: 35/52 MP: 3/16
  7593 | D:6      | Found a snail-covered altar of Cheibriados.
  7703 | D:7      | Reached skill level 5 in Stealth
  7716 | D:7      | Learned a level 2 spell: Corpse Rot
  7861 | D:7      | Found a runed translucent gate.
  7861 | D:7      | Found a runed translucent gate.
  7861 | D:7      | Found a runed translucent gate.
  8028 | D:7      | Noticed Harold
  8339 | D:7      | Reached * piety under Vehumet
  8339 | D:7      | Offered knowledge of Foxfire by Vehumet.
  8340 | D:7      | Reached skill level 1 in Necromancy
  8427 | D:7      | Reached skill level 1 in Crossbows
  8532 | D:7      | HP: 1/52 [gnoll (7)]
  8532 | D:7      | Slain by Harold

Illustrated notes

Levels and vault maps discovered:
D:1:      grunt_arrival_lava_bath, layout_rooms,
          chequers_ecumenical_altar_simple_redux, minmay_door_square,
          kennysheep_pointless_box
D:2:      layout_loops_ring, uniq_crazy_yiuf_cottage
D:3:      layout_basic, nicolae_ru_great_annihilating_truth,
          minmay_misc_feat_four_crosses
D:4:      layout_basic, mainiacjoe_overflow_chevrons,
          minmay_hollow_rounded_squares, uniq_eustachio
D:5:      layout_layer_cave, nicolae_tso_carved_into_rock, serial_shops, shop
D:6:      layout_cave_pools, slow_altar_2, minmay_temple_entry_tees,
          uniq_duvessa, uniq_grinder
D:7:      layout_layer_cave, gammafunk_ghost_icy, uniq_harold
Temple:   nicolae_temple_god_jail

Skill      XL: |  1  2  3  4  5  6  7  8  9 |
---------------+----------------------------+-----
Earth Magic    | 4 5 6 7 |  7.4
Spellcasting   | 3 4 5 |  5.0
Conjurations   | 1 3 4 6 |  6.3
Fighting       | 3 4 |  4.5
Ice Magic      | 3 4 |  4.1
Stealth        | 4 5 |  5.0
Necromancy     | 1 |  1.3
Crossbows      | 1 |  1.0
Dodging        | |  1.5
Transmutations | |  0.7

Action                   |  1- 3 |  4- 6 |  7- 9 || total
-------------------------+-------+-------+-------++-------
Melee: Unarmed           |    51 |       |       ||    51
       Punch             |     1 |       |       ||     1
       Dagger            |    61 |     2 |       ||    63
       Quarterstaff      |       |    90 |   105 ||   195
 Fire: Arbalest          |       |       |    19 ||    19
 Cast: Sandblast         |    26 |    38 |    35 ||    99
       Stone Arrow       |       |     2 |    50 ||    52
       Ozocubu's Armour  |       |       |     3 ||     3
       Corpse Rot        |       |       |     1 ||     1
  Use: Scroll            |       |     6 |     9 ||    15
       Potion            |       |       |     1 ||     1
 Stab: Sleeping          |     1 |     1 |     2 ||     4
       Confused          |       |     1 |       ||     1
       Paralysed         |       |     1 |       ||     1
Armor: Robe              |    42 |    71 |    89 ||   202
Dodge: Dodged            |    58 |   108 |   108 ||   274
